3A
GRAND FORKS CATERPILLARS @ BELLEVILLE BULLS
08/29/2022
 
TOP OF THE 1ST
Grand Forks Caterpillars batting - Pitching for Belleville Bulls : LHP Reynaldo Sánchez
Pitching: LHP Reynaldo Sánchez
Batting: SHB Luchino Salimbeni 0-0: Ball
1-0: Foul Ball, location: 2F
1-1: Ball
2-1: Swinging Strike
2-2: Ground out 5-3 (Groundball, 5S)
Batting: RHB Javier Rivera 0-0: Ball
1-0: Ball
2-0: Foul Ball, location: 2F
2-1: Foul Ball, location: 2F
2-2: Ball
3-2: Base on Balls
Batting: RHB Alfredo García 0-0: Fly out, F8 (Flyball, 8RM)
Batting: RHB Vicente Cruz 0-0: SINGLE (Line Drive, 9S)
Javier Rivera to second
Runner from 2nd tries for 3rd, SAFE, no throw or cutoff
Batting: RHB Salvador Esparza 0-0: Ball
1-0: Reached on error, E6 (Groundball, 6)
Javier Rivera scores
Vicente Cruz to second
Batting: LHB Armando Becerra 0-0: Called Strike
0-1: Hit by Pitch
Vicente Cruz to third
Salvador Esparza to second
Batting: RHB Juan Garza 0-0: Ball
1-0: Called Strike
1-1: Foul Ball, location: 2F
1-2: Fly out, F5 (Popup, 25F)
Top of the 1st over - 1 run(s), 1 hit(s), 1 error(s), 3 left on base; Grand Forks 1 - Belleville 0
BOTTOM OF THE 1ST
Belleville Bulls batting - Pitching for Grand Forks Caterpillars : LHP Gabriel Herrera
Pitching: LHP Gabriel Herrera
Batting: RHB Lee Charles 0-0: SOLO HOME RUN (Flyball, 78XD), Distance : 420 ft
Batting: RHB Paddy Hodnett 0-0: Ball
1-0: Foul Ball, location: 2F
1-1: Ground out 6-3 (Groundball, 6)
Batting: RHB Felipe Gonzáles 0-0: Foul Ball, location: 2F
0-1: Ball
1-1: Ball
2-1: Ground out 3-1 (Groundball, 34S)
Batting: RHB Jesús Soto 0-0: Ball
1-0: Ball
2-0: Ball
3-0: Base on Balls
Batting: RHB Alberto Blanco 0-0: Called Strike
0-1: Ball
1-1: Foul Ball, location: 2F
1-2: Foul Ball, location: 2F
1-2: Foul Ball, location: 2F
1-2: SINGLE (Line Drive, 89M)
Jesús Soto to second
Throwing error, E9
Jesús Soto scores
Alberto Blanco to second
Batting: RHB Henry Mann 0-0: Called Strike
0-1: Ball
1-1: SINGLE (Groundball, 5L)
Alberto Blanco to third
Runner from 3rd tries for Home, SAFE, throw made home
Henry Mann to second
Batting: RHB Gabriel López 0-0: Ball
1-0: Fly out, F4 (Line Drive, 4M)
Bottom of the 1st over - 3 run(s), 3 hit(s), 1 error(s), 1 left on base; Grand Forks 1 - Belleville 3
TOP OF THE 2ND
Grand Forks Caterpillars batting - Pitching for Belleville Bulls : LHP Reynaldo Sánchez
Batting: RHB Carlos Romero 0-0: Called Strike
0-1: Ball
1-1: Called Strike
1-2: Strikes out swinging
Batting: RHB Jesús Ortíz 0-0: Called Strike
0-1: Foul Ball, location: 2F
0-2: Foul Ball, location: 2F
0-2: Fly out, F6 (Popup, 6D)
Batting: SHB Luchino Salimbeni 0-0: Ball
1-0: Ball
2-0: Called Strike
2-1: SINGLE (Groundball, 56D) (infield hit)
Batting: RHB Javier Rivera 0-0: Ball
1-0: Ball
2-0: Called Strike
2-1: Swinging Strike
2-2: SINGLE (Line Drive, 56D)
Luchino Salimbeni to second
Batting: RHB Alfredo García 0-0: Ball
1-0: Ball
2-0: Called Strike
2-1: Ball
3-1: Fly out, F9 (Flyball, 89M)
Top of the 2nd over - 0 run(s), 2 hit(s), 0 error(s), 2 left on base; Grand Forks 1 - Belleville 3
BOTTOM OF THE 2ND
Belleville Bulls batting - Pitching for Grand Forks Caterpillars : LHP Gabriel Herrera
Batting: RHB Rafael Delgado 0-0: Called Strike
0-1: Fly out, F4 (Popup, 4)
Batting: RHB Howard Fewell 0-0: Ball
1-0: Ball
2-0: Called Strike
2-1: Called Strike
2-2: Strikes out swinging
Batting: RHB Lee Charles 0-0: Ground out 6-3 (Groundball, 6M)
Bottom of the 2nd over - 0 run(s), 0 hit(s), 0 error(s), 0 left on base; Grand Forks 1 - Belleville 3
TOP OF THE 3RD
Grand Forks Caterpillars batting - Pitching for Belleville Bulls : LHP Reynaldo Sánchez
Batting: RHB Vicente Cruz 0-0: Ball
1-0: Called Strike
1-1: Swinging Strike
1-2: Foul Ball, location: 2F
1-2: Strikes out swinging
Batting: RHB Salvador Esparza 0-0: Foul Ball, location: 2F
0-1: Called Strike
0-2: Ball
1-2: Strikes out swinging
Batting: LHB Armando Becerra 0-0: Foul Ball, location: 2F
0-1: Ground out 4-3 (Groundball, 4M)
Top of the 3rd over - 0 run(s), 0 hit(s), 0 error(s), 0 left on base; Grand Forks 1 - Belleville 3
BOTTOM OF THE 3RD
Belleville Bulls batting - Pitching for Grand Forks Caterpillars : LHP Gabriel Herrera
Batting: RHB Paddy Hodnett 0-0: Ground out 6-3 (Groundball, 6M)
Batting: RHB Felipe Gonzáles 0-0: Foul Ball, location: 2F
0-1: Ball
1-1: Ball
2-1: Ball
3-1: Base on Balls
Batting: RHB Jesús Soto 0-0: Called Strike
0-1: Swinging Strike
0-2: Foul Ball, location: 2F
0-2: Strikes out swinging
Batting: RHB Alberto Blanco 0-0: Ball
1-0: Ball
2-0: Called Strike
2-1: Reached on Error, E3 (Popup, 3S)
Felipe Gonzáles to second
Batting: RHB Henry Mann 0-0: Ball
1-0: Fielders Choice at 2nd, 5-4 (Groundball, 56)
Bottom of the 3rd over - 0 run(s), 0 hit(s), 1 error(s), 1 left on base; Grand Forks 1 - Belleville 3
TOP OF THE 4TH
Grand Forks Caterpillars batting - Pitching for Belleville Bulls : LHP Reynaldo Sánchez
Batting: RHB Juan Garza 0-0: Called Strike
0-1: Ball
1-1: Ball
2-1: Ball
3-1: Base on Balls
Batting: RHB Carlos Romero 0-0: Fielders Choice at 2nd, 3-6 (Groundball, 34)
Batting: RHB Jesús Ortíz 0-0: Swinging Strike
0-1: Foul Ball, location: 2F
0-2: Strikes out swinging
Batting: SHB Luchino Salimbeni 0-0: Foul Ball, location: 2F
0-1: Called Strike
0-2: Ball
1-2: Foul Ball, location: 2F
1-2: Ball
2-2: Foul Ball, location: 2F
2-2: Strikes out swinging
Top of the 4th over - 0 run(s), 0 hit(s), 0 error(s), 1 left on base; Grand Forks 1 - Belleville 3
BOTTOM OF THE 4TH
Belleville Bulls batting - Pitching for Grand Forks Caterpillars : LHP Gabriel Herrera
Batting: RHB Gabriel López 0-0: Called Strike
0-1: Swinging Strike
0-2: Fly out, F8 (Line Drive, 8LM)
Pitching: LHP José Duarte
Batting: RHB Rafael Delgado 0-0: Foul Ball, location: 2F
0-1: Ball
1-1: Ball
Reached via error on a dropped throw, E1
Batting: RHB Howard Fewell 0-0: Fly out, F3 (Line Drive, 34)
0-0: Lined into DP, U3 (Line Drive, 34)
Bottom of the 4th over - 0 run(s), 0 hit(s), 1 error(s), 0 left on base; Grand Forks 1 - Belleville 3
TOP OF THE 5TH
Grand Forks Caterpillars batting - Pitching for Belleville Bulls : LHP Reynaldo Sánchez
Batting: RHB Javier Rivera 0-0: Ball
1-0: Ball
2-0: Ball
3-0: Called Strike
3-1: DOUBLE (Groundball, 5L)
Batting: RHB Alfredo García 0-0: Ball
Wild Pitch!
Javier Rivera to third
1-0: Foul Ball, location: 2F
1-1: SINGLE (Line Drive, 78S)
Javier Rivera scores
Batting: RHB Vicente Cruz 0-0: Fly out, F7 (Line Drive, 7M)
Batting: RHB Salvador Esparza 0-0: Ball
1-0: Foul Ball, location: 2F
1-1: Swinging Strike
1-2: Ball
2-2: Ball
3-2: Base on Balls
Alfredo García to second
Batting: LHB Armando Becerra 0-0: Called Strike
0-1: Ball
1-1: Swinging Strike
1-2: Strikes out swinging
Batting: RHB Juan Garza 0-0: Ground out 6-3 (Groundball, 6)
Top of the 5th over - 1 run(s), 2 hit(s), 0 error(s), 2 left on base; Grand Forks 2 - Belleville 3
BOTTOM OF THE 5TH
Belleville Bulls batting - Pitching for Grand Forks Caterpillars : LHP José Duarte
Batting: RHB Lee Charles 0-0: Called Strike
0-1: Ball
1-1: Foul Ball, location: 2F
1-2: Foul Ball, location: 2F
1-2: Ball
2-2: Strikes out swinging
Batting: RHB Paddy Hodnett 0-0: Ball
1-0: Ball
2-0: Fly out, F8 (Flyball, 8LS)
Batting: RHB Felipe Gonzáles 0-0: Swinging Strike
0-1: Ground out 6-3 (Groundball, 6M)
Bottom of the 5th over - 0 run(s), 0 hit(s), 0 error(s), 0 left on base; Grand Forks 2 - Belleville 3
TOP OF THE 6TH
Grand Forks Caterpillars batting - Pitching for Belleville Bulls : LHP Reynaldo Sánchez
Batting: RHB Carlos Romero 0-0: Ball
1-0: Ground out 1-3 (Groundball, 34S)
Batting: RHB Jesús Ortíz 0-0: Fly out, F8 (Flyball, 8RM)
Batting: SHB Luchino Salimbeni 0-0: Ball
1-0: Swinging Strike
1-1: Foul Ball, location: 2F
1-2: Ball
2-2: Strikes out looking
Top of the 6th over - 0 run(s), 0 hit(s), 0 error(s), 0 left on base; Grand Forks 2 - Belleville 3
BOTTOM OF THE 6TH
Belleville Bulls batting - Pitching for Grand Forks Caterpillars : LHP José Duarte
Batting: RHB Jesús Soto 0-0: Ground out 5-3 (Groundball, 56)
Batting: RHB Alberto Blanco 0-0: Ball
1-0: Foul Ball, location: 2F
1-1: Ball
2-1: Ball
3-1: Foul Ball, location: 2F
3-2: Foul Ball, location: 2F
3-2: SINGLE (Groundball, 6MD)
Batting: RHB Henry Mann 0-0: Called Strike
0-1: Ball
1-1: Called Strike
1-2: Ball
2-2: DOUBLE (Groundball, 5L)
Alberto Blanco to third
Pitching: LHP Rio Bavin
Batting: RHB Gabriel López 0-0: Ball
1-0: Foul Ball, location: 2F
1-1: Ball
2-1: Fly out, F4 (Popup, 4M)
Batting: RHB Rafael Delgado 0-0: Ball
1-0: Fly out, F9 (Flyball, 89M)
Bottom of the 6th over - 0 run(s), 2 hit(s), 0 error(s), 2 left on base; Grand Forks 2 - Belleville 3
TOP OF THE 7TH
Grand Forks Caterpillars batting - Pitching for Belleville Bulls : LHP Reynaldo Sánchez
Batting: RHB Javier Rivera 0-0: Called Strike
0-1: Ball
1-1: Swinging Strike
1-2: Strikes out swinging
Batting: RHB Alfredo García 0-0: Ball
1-0: Ground out 4-3 (Groundball, 4M)
Batting: RHB Vicente Cruz 0-0: Swinging Strike
0-1: Swinging Strike
0-2: Strikes out swinging
Top of the 7th over - 0 run(s), 0 hit(s), 0 error(s), 0 left on base; Grand Forks 2 - Belleville 3
BOTTOM OF THE 7TH
Belleville Bulls batting - Pitching for Grand Forks Caterpillars : LHP Rio Bavin
Batting: RHB Howard Fewell 0-0: Swinging Strike
0-1: Ball
1-1: Fly out, F7 (Flyball, 7M)
Batting: RHB Lee Charles 0-0: Ball
1-0: Ball
2-0: Foul Ball, location: 2F
2-1: DOUBLE (Flyball, 8LXD)
Batting: RHB Paddy Hodnett 0-0: Swinging Strike
0-1: Ball
1-1: Called Strike
1-2: Foul Ball, location: 2F
1-2: Foul Ball, location: 2F
1-2: Hit by Pitch
Batting: RHB Felipe Gonzáles 0-0: Ball
1-0: Foul Ball, location: 2F
1-1: Ball
2-1: Fielders Choice at 2nd, 1-6 (Groundball, 15S)
Lee Charles to third
Batting: RHB Jesús Soto 0-0: Called Strike
0-1: Ball
1-1: SINGLE (Groundball, 56S)
Lee Charles scores
Felipe Gonzáles to second
Batting: RHB Alberto Blanco 0-0: Ball
1-0: Ball
2-0: Foul Ball, location: 2F
2-1: Foul Ball, location: 2F
2-2: Strikes out swinging
Bottom of the 7th over - 1 run(s), 2 hit(s), 0 error(s), 2 left on base; Grand Forks 2 - Belleville 4
TOP OF THE 8TH
Grand Forks Caterpillars batting - Pitching for Belleville Bulls : LHP Reynaldo Sánchez
Batting: RHB Salvador Esparza 0-0: DOUBLE (Line Drive, 7LS)
Batting: LHB Armando Becerra 0-0: Fly out, F7 (Flyball, 7M)
Batting: RHB Juan Garza 0-0: SINGLE (Groundball, 6MD)
Salvador Esparza to third
Runner from 3rd tries for Home, SAFE, no throw or cutoff
Batting: RHB Carlos Romero 0-0: Called Strike
0-1: Swinging Strike
0-2: Ball
1-2: Foul Ball, location: 2F
1-2: Strikes out looking
Batting: RHB Jesús Ortíz 0-0: Ball
1-0: Ground out 5-3 (Groundball, 5S)
Top of the 8th over - 1 run(s), 2 hit(s), 0 error(s), 1 left on base; Grand Forks 3 - Belleville 4
BOTTOM OF THE 8TH
Belleville Bulls batting - Pitching for Grand Forks Caterpillars : LHP Rio Bavin
Batting: RHB Henry Mann 0-0: Called Strike
0-1: Ball
1-1: Called Strike
1-2: Ball
2-2: Foul Ball, location: 2F
2-2: Ball
3-2: Foul Ball, location: 2F
3-2: Base on Balls
Batting: RHB Gabriel López 0-0: Sac Bunt - play at first, batter OUT! 1-4
Henry Mann to second
Pinch Hitting: RHB Ángel Rosa 0-0: Ball
1-0: Ball
2-0: Ball
3-0: Called Strike
3-1: Base on Balls
Pinch Hitting: RHB Jim Unknown 0-0: Ball
1-0: Ball
2-0: Swinging Strike
2-1: Foul Ball, location: 2F
2-2: SINGLE (Groundball, 56)
Henry Mann to third
Ángel Rosa to second
Runner from 3rd tries for Home, SAFE, throw made home
Ángel Rosa to third
Jim Unknown to second
Batting: RHB Lee Charles 0-0: Called Strike
0-1: Ball
1-1: DOUBLE (Groundball, 5L)
Ángel Rosa scores
Jim Unknown scores
Pitching: RHP Rubén Reyes
Batting: RHB Paddy Hodnett 0-0: Ball
1-0: Swinging Strike
1-1: Ground out 6-3 (Groundball, 6)
Batting: RHB Felipe Gonzáles 0-0: Ball
1-0: Called Strike
1-1: Foul Ball, location: 2F
1-2: Foul Ball, location: 2F
1-2: Foul Ball, location: 2F
1-2: Ball
2-2: Foul Ball, location: 2F
2-2: Ball
3-2: Foul Ball, location: 2F
3-2: Base on Balls
Batting: RHB Jesús Soto 0-0: 3-RUN HOME RUN (Flyball, 7D), Distance : 408 ft
Batting: RHB Alberto Blanco 0-0: Ball
1-0: Ball
2-0: Called Strike
2-1: Foul Ball, location: 2F
2-2: Ball
3-2: Foul Ball, location: 2F
3-2: Base on Balls
Batting: RHB Henry Mann 0-0: Ball
1-0: Fly out, F4 (Popup, 4D)
Bottom of the 8th over - 6 run(s), 3 hit(s), 0 error(s), 1 left on base; Grand Forks 3 - Belleville 10
TOP OF THE 9TH
Grand Forks Caterpillars batting - Pitching for Belleville Bulls : LHP Reynaldo Sánchez
Pitching: RHP Norberto Flores
Now at 2B: Jim Unknown
Now in LF: Jim Unknown
Batting: SHB Luchino Salimbeni 0-0: Ground out 4-3 (Groundball, 4M)
Batting: RHB Javier Rivera 0-0: Fly out, F8 (Flyball, 8RXD)
Batting: RHB Alfredo García 0-0: Ground out 1-3 (Groundball, 25)
Top of the 9th over - 0 run(s), 0 hit(s), 0 error(s), 0 left on base; Grand Forks 3 - Belleville 10
This league is powered by Out of the Park Baseball, the baseball management simulation game for PC, Mac and Linux
Friday, April 15th, 2016 - OOTP Baseball 16.9 Build 39